 Dungeon Crawl Stone Soup version 0.21.1 (webtiles) character file.

12863 hpc the Cleaver (level 11, -17/90 HPs)
             Began as a Minotaur Fighter on Feb 2, 2018.
             Was a High Priest of Okawaru.
             Killed from afar by a deep elf mage (28 damage)
             ... with a bolt of lightning
             ... on level 12 of the Dungeon.
             The game lasted 00:22:05 (9550 turns).

hpc the Cleaver (Minotaur Fighter)                  Turns: 9550, Time: 00:22:06

Health: -17/90     AC:  7    Str: 24    XL:     11   Next: 68%
Magic:  10/10      EV:  7    Int:  5    God:    Okawaru [*****.]
Gold:   672        SH: 12    Dex: 12    Spells: 10/10 levels left

rFire    . . .     SeeInvis .   w - +6 broad axe (vamp)
rCold    . . .     Gourm    .   c - +0 shield
rNeg     . . .     Faith    .   p - +0 chain mail
rPois    .         Spirit   .   (helmet unavailable)
rElec    .         Reflect  .   (no cloak)
rCorr    +         Harm     .   G - +0 pair of gloves
MR       .....                  g - +1 pair of boots
Stlth    ..........             (no amulet)
HPRegen  0.25/turn              b - ring of resist corrosion
MPRegen  0.12/turn              t - +2 ring of strength

@: corroded
A: retaliatory headbutt, horns 3, frail 1
a: Heroism, Finesse, Renounce Religion


You were on level 12 of the Dungeon.
You worshipped Okawaru.
Okawaru was extremely pleased with you.
You were hungry.

You visited 2 branches of the dungeon, and saw 13 of its levels.
You also visited: Ossuary.

You collected 889 gold pieces.
You spent 217 gold pieces at shops.

Inventory:

Hand Weapons
 w - a +6 vampiric broad axe (weapon)
 I - a +6 double sword of slicing
Armour
 c - a +0 shield (worn)
 g - a +1 pair of boots (worn)
 p - a +0 chain mail (worn)
 B - a +0 large shield
 G - a +0 pair of gloves (worn)
Jewellery
 b - a ring of resist corrosion (left hand)
 t - a +2 ring of strength (right hand)
 v - an uncursed ring of flight {unknown}
 y - an uncursed ring of wizardry
 L - a +6 ring of dexterity {unknown}
 O - a +3 ring of strength
Wands
 s - a wand of iceblast (6)
 x - a wand of acid (5)
 z - a wand of flame (20)
 P - a wand of scattershot (3)
Scrolls
 e - 3 scrolls of teleportation
 i - 8 scrolls of remove curse
 j - 4 scrolls of amnesia
 k - 2 scrolls of immolation
 q - 2 scrolls of magic mapping
 J - 2 scrolls of identify
 K - a scroll of random uselessness {unknown}
Potions
 a - a potion of haste
 d - a potion of might
 h - a potion of cancellation
 l - a potion of heal wounds
 m - 7 potions of lignification
 n - a potion of experience {unknown}
 o - 3 potions of mutation
 r - a potion of resistance {unknown}
 u - 2 potions of degeneration
 A - a potion of curing {unknown}
 C - a potion of invisibility
 D - a potion of ambrosia
 E - 4 potions of flight
 H - a potion of agility {unknown}
Books
 F - a book of Party Tricks

   Spells                             Type                      Level
   a - Summon Butterflies             Summoning                    1
   b - Apportation                    Translocation                1
   c - Lesser Beckoning               Translocation                3
   d - Tukima's Dance                 Hexes                        3
   e - Alistair's Intoxication        Transmutation/Poison         5
   f - Invisibility                   Hexes                        6
 N - a book of Changes

   Spells                             Type                      Level
   a - Beastly Appendage              Transmutation                1
   b - Sticks to Snakes               Transmutation                2
   c - Spider Form                    Transmutation/Poison         3
   d - Ice Form                       Ice/Transmutation            4
   e - Blade Hands                    Transmutation                5
Comestibles
 f - 20 rations
 M - 4 chunks of flesh


   Skills:
 + Level 10.7 Fighting
 * Level 13.9 Axes
 + Level 10.7 Armour
 + Level 10.7 Shields


You had 10 spell levels left.
You didn't know any spells.

Dungeon Overview and Level Annotations

Branches:
Dungeon (12/15)            Temple (1/1) D:7            Lair (0/6) D:11
    Orc (0/2) D:11

Altars:
Cheibriados
Nemelex Xobeh
Okawaru
Qazlal
Ru
Sif Muna

Shops:
D:4 [(%(   D:6 (


Innate Abilities, Weirdness & Mutations

You reflexively headbutt those who attack you in melee.
You have a pair of large horns on your head.
You are frail. (-10% HP)


Message History

The rust devil corrodes you!
The deep elf mage gestures wildly while chanting.
The deep elf mage blinks!
The rust devil hits you.
The big kobold hits you but does no damage.
The deep elf mage gestures wildly while chanting.
The deep elf mage blinks!
The big kobold zaps a wand.
You easily resist.
It is a wand of polymorph (11).
The kobold demonologist looks satisfied for a moment.
The deep elf mage hits you but does no damage.
The rust devil disappears in a puff of smoke!
The deep elf mage points at you and mumbles some strange words.
The bolt of lightning hits you!
The rust devil disappears in a puff of smoke!
The deep elf mage points at you and mumbles some strange words.
The bolt of lightning hits you!
* * * LOW HITPOINT WARNING * * *
The kobold demonologist miscasts a cantrip.
The deep elf mage casts a spell at you. The bolt of lightning hits you!
You die...

#######.#########(..#####...#####
............................#####
......†..........................
.....>#######..#########........[
#####.# #..# #......... #.# #..#
#.........
#####.#######..#########.........
.............................>...
................@................
.............................####
.......#######...............#
.......# #...§...........#
.......# #...e...........#
.).....#######.K.............#
.............KK..............#
.............K5............
#..#########..##########..


You could see a deep elf mage, a kobold demonologist, a big kobold, a crimson
imp and 2 kobolds.

Vanquished Creatures
  2 two-headed ogres (D:10)
  A death knight (D:11)
  An unseen horror (D:11)
  An ugly thing (D:11)
  A centaur skeleton (D:11)
  2 trolls
  Grinder (D:6)
  5 hippogriffs
  6 yaks (D:11)
  A wyvern (D:11)
  A human (D:9)
  A wraith (D:12)
  4 hogs (D:9)
  3 hungry ghosts
  3 wargs (D:11)
  Duvessa (D:4)
  3 orc warriors
  3 ice beasts
  A black bear (D:10)
  A sky beast (D:11)
  A hornet zombie (D:8)
  An eye of draining (shapeshifter) (D:11)
  A phantom (D:5)
  9 centaurs
  3 ogres
  5 big kobolds
  4 bullfrogs
  A wyvern zombie (D:11)
  Blork the orc (D:4)
  Dowan (D:4)
  4 scorpions
  5 wights (D:9)
  9 killer bees
  5 howler monkeys
  2 centaur zombies
  2 crimson imps (D:5)
  A bullfrog zombie (D:6)
  A jelly (D:10)
  A quasit (D:9)
  A human zombie (Ossuary)
  4 bullfrog skeletons
  7 orc wizards
  7 orc priests
  2 hounds
  Ijyb (D:5)
  Natasha (thrice) (D:4)
  3 iguanas
  5 worker ants
  5 big kobold zombies (Ossuary)
  2 mummies (Ossuary)
  A worker ant zombie (D:11)
  2 gnolls (D:2)
  12 adders
  2 shadow imps
  An ooze (D:3)
  An adder skeleton (D:6)
  A dart slug (D:1)
  11 leopard geckos
  31 orcs
  A ball python (D:1)
  3 giant cockroaches
  3 gnoll zombies (Ossuary)
  12 goblins
  10 hobgoblins
  7 jackals
  7 quokkas
  5 bats
  7 frilled lizards
  2 goblin zombies (Ossuary)
  2 hobgoblin zombies (Ossuary)
  27 kobolds
  A leopard gecko zombie (D:6)
  An orc zombie (Ossuary)
  A quokka skeleton (D:5)
  6 rats
296 creatures vanquished.

Vanquished Creatures (others)
  A kobold (D:12)
1 creature vanquished.

Grand Total: 297 creatures vanquished

Notes
Turn   | Place    | Note
-------+----------+-------------------------------------------
     0 | D:1      | hpc the Minotaur Fighter began the quest for the Orb.
     0 | D:1      | Reached XP level 1. HP: 19/19 MP: 0/0
     2 | D:1      | Noticed a demonspawn
     2 | D:1      | Noticed a gargoyle
     4 | D:1      | Noticed a troll
     6 | D:1      | Noticed an elf
     6 | D:1      | Noticed a centaur
     8 | D:1      | Noticed a dwarf
     8 | D:1      | Noticed a minotaur
    10 | D:1      | Noticed a merfolk
    10 | D:1      | Noticed a spriggan
    12 | D:1      | Noticed a vine stalker
    14 | D:1      | Noticed a felid
    14 | D:1      | Noticed a draconian
    16 | D:1      | Noticed an ogre
    16 | D:1      | Noticed a halfling
    18 | D:1      | Noticed a ghoul
    18 | D:1      | Noticed a human
    20 | D:1      | Noticed a demigod
    22 | D:1      | Noticed a vampire
    22 | D:1      | Noticed an octopode
    24 | D:1      | Noticed a naga
    26 | D:1      | Noticed a tengu
    26 | D:1      | Noticed a formicid
   198 | D:1      | Reached XP level 2. HP: 26/27 MP: 1/1
   240 | D:1      | Reached skill level 3 in Axes
   709 | D:2      | Reached XP level 3. HP: 28/33 MP: 2/2
   763 | D:2      | Found an iron altar of Okawaru.
  1034 | D:2      | Reached XP level 4. HP: 33/40 MP: 3/3
  1482 | D:2      | Found a sacrificial altar of Ru.
  1506 | D:3      | Reached skill level 4 in Axes
  2082 | D:3      | Reached XP level 5. HP: 34/47 MP: 4/4
  2501 | D:4      | Found a sand-covered staircase.
  2523 | Ossuary  | Entered an ossuary
  2543 | Ossuary  | Reached skill level 5 in Axes
  2569 | Ossuary  | Reached XP level 6. HP: 30/55 MP: 5/5
  2810 | D:4      | Noticed Natasha
  2814 | D:4      | Killed Natasha
  2814 | D:4      | Reached skill level 5 in Fighting
  2814 | D:4      | Reached skill level 5 in Armour
  2814 | D:4      | Reached skill level 5 in Shields
  2832 | D:4      | Noticed Duvessa
  2833 | D:4      | Noticed Dowan
  2848 | D:4      | Killed Duvessa
  2858 | D:4      | Killed Dowan
  2858 | D:4      | Reached skill level 6 in Axes
  2933 | D:4      | Reached XP level 7. HP: 53/61 MP: 6/6
  2948 | D:4      | Noticed Natasha
  2959 | D:4      | Killed Natasha
  3113 | D:4      | Noticed Blork the orc
  3118 | D:4      | Killed Blork the orc
  3280 | D:4      | Found Zuodonwu's Antique Armour Boutique.
  3288 | D:4      | Found Sutram's Weapon Boutique.
  3303 | D:4      | Noticed Natasha
  3308 | D:4      | Killed Natasha
  3385 | D:4      | Found Eckiti's Food Emporium.
  3562 | D:4      | Found Reylosat's Antique Weapon Shop.
  3586 | D:4      | Bought a glowing broad axe for 217 gold pieces
  3710 | D:2      | Became a worshipper of Warmaster Okawaru
  3757 | D:5      | Entered Level 5 of the Dungeon
  3828 | D:5      | Noticed Ijyb
  3834 | D:5      | Killed Ijyb
  3853 | D:5      | Reached skill level 7 in Axes
  3859 | D:5      | Reached * piety under Okawaru
  3939 | D:5      | Reached XP level 8. HP: 68/70 MP: 7/7
  4045 | D:5      | You fall through a shaft for 2 floors!
  4160 | D:7      | Reached skill level 8 in Axes
  4232 | D:7      | Noticed a hippogriff
  4236 | D:7      | Killed a hippogriff
  4356 | D:7      | Found a staircase to the Ecumenical Temple.
  4363 | Temple   | Entered the Ecumenical Temple
  4854 | D:8      | Reached ** piety under Okawaru
  4884 | D:8      | Reached skill level 9 in Axes
  4966 | D:8      | Found a deep blue altar of Sif Muna.
  5146 | D:9      | Reached XP level 9. HP: 35/79 MP: 5/8
  5163 | D:9      | HP: 5/118 [poisoned by an orc]
  5168 | D:9      | Gained mutation: You are frail. (-10% HP) [potion of mutation]
  5168 | D:9      | Gained mutation: You have a pair of large horns on your head. [potion of mutation]
  5169 | D:9      | HP: 2/106 [poisoned by an orc]
  5638 | D:6      | Noticed Grinder
  5642 | D:6      | Paralysed by Grinder for 2 turns
  5652 | D:6      | Killed Grinder
  5830 | D:6      | Reached skill level 10 in Axes
  5843 | D:6      | Reached *** piety under Okawaru
  5946 | D:6      | Found Osachat's Antique Weapon Emporium.
  6941 | D:9      | Reached skill level 11 in Axes
  6941 | D:9      | Reached XP level 10. HP: 51/81 MP: 9/9
  7122 | D:9      | Reached **** piety under Okawaru
  7224 | D:10     | Entered Level 10 of the Dungeon
  7339 | D:10     | Noticed a two-headed ogre
  7348 | D:10     | Killed a two-headed ogre
  7348 | D:10     | Received a gift from Okawaru
  7476 | D:10     | Reached skill level 12 in Axes
  7689 | D:10     | Found a sparkling altar of Nemelex Xobeh.
  7823 | D:10     | Noticed a two-headed ogre
  7831 | D:10     | Killed a two-headed ogre
  7929 | D:11     | Noticed a red ugly thing
  7934 | D:11     | Killed a red ugly thing
  7952 | D:11     | Reached ***** piety under Okawaru
  8037 | D:11     | Reached XP level 11. HP: 86/89 MP: 10/10
  8064 | D:11     | Noticed a death knight
  8092 | D:11     | Killed a death knight
  8092 | D:11     | Received a gift from Okawaru
  8092 | D:11     | Reached skill level 10 in Fighting
  8092 | D:11     | Reached skill level 10 in Armour
  8092 | D:11     | Reached skill level 10 in Shields
  8443 | D:11     | Reached skill level 13 in Axes
  8451 | D:11     | Found a staircase to the Orcish Mines.
  8490 | D:11     | Killed an unseen horror
  8659 | D:11     | Found a staircase to the Lair.
  9431 | D:12     | Received a gift from Okawaru
  9524 | D:12     | Noticed a deep elf mage
  9550 | D:12     | Killed from afar by a deep elf mage

Skill      XL: |  1  2  3  4  5  6  7  8  9 10 11 |
---------------+----------------------------------+-----
Axes           | 3 4 5 6 7 9 11 12 13 | 13.9
Fighting       | 4 5 6 7 8 9 10 | 10.7
Armour         | 4 5 6 7 8 9 10 | 10.7
Shields        | 4 5 6 7 8 9 10 | 10.7

Action                   |  1- 3 |  4- 6 |  7- 9 | 10-12 || total
-------------------------+-------+-------+-------+-------++-------
Melee: War axe           |   110 |   173 |    38 |       ||   321
       Headbutt          |    14 |    27 |    57 |    41 ||   139
       Broad axe         |       |       |   260 |   244 ||   504
Invok: Heroism           |       |       |     3 |     2 ||     5
  Use: Scroll            |       |       |     9 |     5 ||    14
       Potion            |       |       |     6 |       ||     6
  Eat: Chunk             |     1 |     6 |    12 |    10 ||    29
       Ration            |       |       |     2 |       ||     2
Armor: Scale mail        |    45 |       |       |       ||    45
       Chain mail        |    12 |    92 |   125 |   119 ||   348
       Skin              |       |       |     1 |       ||     1
Dodge: Dodged            |    40 |    31 |    62 |    68 ||   201
Block: Shield            |    66 |    87 |   194 |   134 ||   481
